 Dungeon Crawl Stone Soup version 0.19-a0-1740-g0bcaf2e (webtiles) character file.

279 kae the Insei (level 6, 0/51 HPs)
             Began as a Draconian Transmuter on Oct 1, 2016.
             Slain by a hound (4 damage)
             ... on level 3 of the Dungeon.
             The game lasted 00:04:56 (4299 turns).

kae the Insei (Draconian Transmuter)                Turns: 4299, Time: 00:04:57

Health: 0/51       AC:  8    Str: 12    XL:     6   Next: 5%
Magic:  8/9        EV: 12    Int: 14    God:
Gold:   302        SH:  0    Dex: 13    Spells: 1 memorised, 8 levels left

rFire  . . .     SeeInvis .       - Unarmed
rCold  . . .     Gourm    .     (armour unavailable)
rNeg   . . .     Faith    .     (no shield)
rPois  .         Spirit   .     (helmet restricted)
rElec  .         Dismiss  .     d - +1 cloak
rCorr  .         Reflect  .     (no gloves)
MR     .....     Harm     .     (boots currently unavailable)
Stlth  +.........               p - amulet of magic regeneration
                                (no ring)
                                (no ring)

@: appendage, very slightly contaminated
A: unfitting armour, talons 3, cold-blooded, AC +6
a: End Transformation


You were on level 3 of the Dungeon.
You were hungry.
You had grown temporary talons.
You visited 1 branch of the dungeon, and saw 4 of its levels.

You collected 302 gold pieces.

Inventory:

Missiles
 a - 59 arrows
Armour
 d - a +1 cloak (worn)
Jewellery
 p - an amulet of magic regeneration (around neck)
Scrolls
 e - 3 scrolls of teleportation
 l - 3 scrolls of identify
 n - a scroll of remove curse
 o - a scroll of immolation
Potions
 f - a potion of flight
Books
 b - a book of Changes

   Spells                             Type                      Level
   a - Beastly Appendage              Transmutation                1
   b - Sticks to Snakes               Transmutation                2
   c - Spider Form                    Transmutation/Poison         3
   d - Ice Form                       Ice/Transmutation            4
   e - Blade Hands                    Transmutation                5
Comestibles
 c - 2 bread rations
 g - 4 chunks of flesh
 h - 3 meat rations
 i - a slice of pizza


   Skills:
 + Level 3.2 Fighting
 - Level 1.7 Dodging
 * Level 5.3 Unarmed Combat
 - Level 2.0 Spellcasting
 + Level 3.5 Transmutations


You had 8 spell levels left.
You knew the following spells:

 Your Spells              Type           Power        Failure   Level  Hunger
a - Beastly Appendage     Tmut           ##....       6%          1    ##.....


Dungeon Overview and Level Annotations

Branches:
Dungeon (4/15)
 Temple: D:4-7

Altars:
Hepliaklqana


Innate Abilities, Weirdness & Mutations

Your plain brown scales are hard. (AC +6)
You cannot fit into any form of body armour.
You are cold-blooded and may be slowed by cold attacks.
You have claws for feet.


Message History

* * * LOW HITPOINT WARNING * * *
You are very lightly contaminated with residual magic.
You feel sick.
Your talons disappear.
You feel sick.
You feel sick.
You are no longer poisoned.
You are feeling hungry.
Your extra speed is starting to run out.
Casting: Beastly Appendage
Confirm with . or Enter, or press ? or * to list all spells.
Your feet morph into talons.
The hound bites you.
* * * LOW HITPOINT WARNING * * *
The hound bites you.
* * * LOW HITPOINT WARNING * * *
You completely miss the hound.
The hound is heavily wounded.
You feel yourself slow down. The hound bites you.
You die...

.# #)).....(.#..#........###.##
########.............#....####.##
##....).........##...#..#.#......
##..........(...<)).)............
##.....†...........#.....##......
.........#.......###.....########
##..............## #...#.#
##...........#..#####.##.##
##.......##..#..@.##......#
.#.......##..#..#h##.###..#
.........##..##[.....######
##...........#.........#
.......###........[....# .......#
#..#..........# ....>..#
#..#........### ########
#.###.......# ### ##.....##


You could see a hound.

Vanquished Creatures
  An ogre (D:4)
  A howler monkey skeleton (D:4)
  4 adders
  3 gnolls
  4 oozes
  An adder skeleton (D:4)
  2 worms
  A dart slug (D:1)
  3 leopard geckos (D:2)
  8 orcs
  7 giant cockroaches
  5 goblins
  10 hobgoblins
  10 jackals
  2 quokkas
  2 ball pythons
  2 bats (D:2)
  2 frilled lizards (D:1)
  9 kobolds
  10 rats
87 creatures vanquished.

Notes
Turn   | Place    | Note
-------+----------+-------------------------------------------
     0 | D:1      | kae the Draconian Transmuter began the quest for the Orb.
     0 | D:1      | Reached XP level 1. HP: 16/16 MP: 3/3
     1 | D:1      | Found a runed door.
    84 | D:1      | Reached XP level 2. HP: 20/23 MP: 5/5
   584 | D:1      | Reached XP level 3. HP: 27/29 MP: 6/6
  1055 | D:2      | Reached skill level 4 in Unarmed Combat
  1427 | D:2      | Reached XP level 4. HP: 36/36 MP: 7/7
  2105 | D:2      | Found a hazy altar of Hepliaklqana.
  3326 | D:3      | Reached XP level 5. HP: 32/42 MP: 6/8
  3543 | D:4      | Noticed an ogre
  3605 | D:4      | Killed an ogre
  3605 | D:4      | Reached skill level 5 in Unarmed Combat
  4062 | D:3      | Reached XP level 6. HP: 30/51 MP: 9/9
  4299 | D:3      | Slain by a hound

Vault maps used:
D:1:      dpeg_arrival_caged_fury, minmay_misc_feat_five
D:2:      marbit_many_paths
D:4:      nicolae_overflow_hidden_temple

Skill      XL: |  1  2  3  4  5 |
---------------+----------------+-----
Fighting       | 2 3 |  3.2
Unarmed Combat | 4 5 |  5.3
Transmutations | 3 |  3.5
Dodging        | |  1.7
Spellcasting   | |  2.0

Action                   |  1- 3 |  4- 6 || total
-------------------------+-------+-------++-------
Melee: Unarmed           |   155 |   255 ||   410
       Tailslap          |    13 |    17 ||    30
       Punch             |     3 |     2 ||     5
       Kick              |       |     8 ||     8
       Headbutt          |       |     1 ||     1
 Cast: Beastly Appendage |       |     6 ||     6
  Use: Scroll            |       |     7 ||     7
       Potion            |       |     5 ||     5
 Stab: Sleeping          |     2 |       ||     2
  Eat: Chunk             |     2 |     9 ||    11
Armor: Skin              |    46 |   123 ||   169
Dodge: Dodged            |    92 |   201 ||   293
